 Dungeon Crawl Stone Soup version 0.22-a0-455-ga0624bf (webtiles) character file.

4 Firecrotchwizard the Skirmisher (level 1, -3/11 HPs)
             Began as a Vine Stalker Fighter on June 6, 2018.
             Slain by a kobold
             ... wielding a +0 whip
              (4 damage)
             ... on level 1 of the Dungeon.
             The game lasted 00:00:17 (163 turns).

Firecrotchwizard the Skirmisher (VSFi)               Turns: 163, Time: 00:00:18

Health: -3/11      AC:  6    Str: 18    XL:     1   Next: 60%
Magic:  0/2        EV:  7    Int:  8    God:
Gold:   0          SH:  9    Dex: 13    Spells: 0/0 levels left

rFire    . . .     SeeInvis .   a - +0 flail
rCold    . . .     Gourm    .   c - +0 shield
rNeg     . . .     Faith    .   b - +0 scale mail
rPois    .         Spirit   +   (no helmet)
rElec    .         Reflect  .   (no cloak)
rCorr    .         Harm     .   (no gloves)
MR       .....                  (no boots)
Stlth    ..........             (no amulet)
HPRegen  0.03/turn              (no ring)
MPRegen  0.08/turn              (no ring)

@: no status effects
A: fangs 2, magic shield, antimagic bite, no potion heal 3, rot immunity
a: no special abilities


You were on level 1 of the Dungeon.
You were not hungry.

You visited 1 branch of the dungeon, and saw 1 of its levels.

Inventory:

Hand Weapons
 a - a +0 flail (weapon)
Armour
 b - a +0 scale mail (worn)
 c - a +0 shield (worn)
Potions
 d - a potion of might
Comestibles
 f - a ration {@e1}
 g - 2 chunks of flesh {@w0}


   Skills:
 + Level 2.8 Fighting
 * Level 2.0 Maces & Flails
 - Level 2.4 Armour
 - Level 2.6 Shields


You couldn't memorise any spells.
You didn't know any spells.
Your spell library was empty.

Dungeon Overview and Level Annotations

Branches:
Dungeon (1/15)

Altars:


Innate Abilities, Weirdness & Mutations

You have extremely sharp teeth.
When hurt, damage is shared between your health and your magic reserves.
Your bite disrupts and absorbs the magic of your enemies.
Potions cannot restore your health.
You are immune to rotting.


Message History

Welcome, Firecrotchwizard the Vine Stalker Fighter.
It is said that the Orb of Zot exists deep within this dungeon.
Found a staircase leading out of the dungeon.
A leopard gecko comes into view.
The leopard gecko hisses angrily.
You hear a shout!
A leopard gecko is nearby!
A leopard gecko is nearby!
A kobold comes into view.
The kobold shouts!
The leopard gecko bites you but does no damage.
You barely miss the leopard gecko. You bite the leopard gecko.
You drain its power. You block the leopard gecko's attack.
The leopard gecko bites you.
You take 1 damage, and have 10/11 hp.
You closely miss the leopard gecko. You bite the leopard gecko.
You drain its power. The leopard gecko closely misses you.
The leopard gecko bites you.
You take 2 damage, and have 8/11 hp.
You now have 1/2 mp.
You hit the leopard gecko but do no damage.
Your bite misses the leopard gecko.
The leopard gecko bites you but does no damage.
The kobold hits you but does no damage.
You hit the leopard gecko. Your bite misses the leopard gecko.
The leopard gecko bites you. You block the leopard gecko's attack.
The kobold barely misses you.
You take 1 damage, and have 7/11 hp.
You are too injured to fight recklessly!
You are too injured to fight recklessly!
You are too injured to fight recklessly!
You hit the leopard gecko.
You kill the leopard gecko!
You block the kobold's attack. The kobold hits you but does no damage.
You block the kobold's attack.
You see here a leopard gecko corpse.
You hit the kobold.
You kill the kobold!
You see here a stone.
There isn't anything to butcher here.
You see here a leopard gecko corpse.
You butcher the leopard gecko corpse.
g - 2 chunks of flesh {@w0} You start resting.
Health restored: 11; MP restored: 2
Found a stone staircase leading down.
A goblin comes into view. It is wielding a club.
The goblin shouts!
A goblin is nearby!
You block the goblin's attack.
You closely miss the goblin. The goblin barely misses you.
You hit the goblin. Your bite misses the goblin.
The goblin hits you but does no damage. You block the goblin's attack.
You sock the goblin!
You kill the goblin!
Your Maces & Flails skill increases to level 2!
No target in view!
No target in view!
A hobgoblin comes into view. It is wielding a club.
The hobgoblin shouts!
A kobold comes into view. It is wielding a whip.
The kobold shouts!
A goblin comes into view.
The goblin shouts!
You hear a shout!
The hobgoblin hits you with a club.
A kobold comes into view.
You take 1 damage, and have 10/11 hp.
You closely miss the hobgoblin. The hobgoblin hits you with a club.
You take 3 damage, and have 7/11 hp.
MASSIVE DAMAGE!!
You now have 1/2 mp.
You are too injured to fight recklessly!
You are too injured to fight recklessly!
You are too injured to fight recklessly!
Your shield and scale mail prevent you from hitting the hobgoblin.
You bite the hobgoblin. You drain its power.
You feel invigorated.
The hobgoblin hits you but does no damage.
The kobold hits you but does no damage. The hobgoblin hits you with a club.
You take 1 damage, and have 6/11 hp.
You closely miss the hobgoblin. The kobold hits you with a whip.
* * * LOW HITPOINT WARNING * * *
The hobgoblin barely misses you.
You take 3 damage, and have 3/11 hp.
MASSIVE DAMAGE!!
A hobgoblin comes into view. It is wielding a club.
You closely miss the kobold. Your bite misses the kobold.
The kobold closely misses you. The kobold hits you with a whip.
* * * LOW HITPOINT WARNING * * *
You take 3 damage, and have 1/11 hp.
MASSIVE DAMAGE!!
You now have 0/2 mp.
Your shield and scale mail prevent you from hitting the kobold.
You bite the kobold, but do no damage. The kobold hits you but does no damage.
Your shield and scale mail prevent you from hitting the kobold.
You bite the kobold. You drain its power.
You feel invigorated. The kobold hits you with a whip.
You die...

##.?g #....>#####
#.#$[.##..........
#..#...K..)..)#
#$.#.#!#...#.#.# .#
#.#####.g.#.#.# ...#
..........Kg#.# ...###
.........##g#.# .....#
.........##K#.# .....#
.....#....#@#.##.....+
............#(..#....##
####.###...............
... #....###.###..# ###
#..###≈#.#≈##
#..##≈♣≈.≈P≈## #..#
♣8♣.P8P≈#
#..##≈♣.<.P≈##
#..##≈P...P≈#


You could see a hobgoblin, a goblin and 2 kobolds.

Vanquished Creatures
  A leopard gecko (D:1)
  A goblin (D:1)
  A kobold (D:1)
3 creatures vanquished.

Notes
Turn   | Place    | Note
-------+----------+-------------------------------------------
     0 | D:1      | Firecrotchwizard the Vine Stalker Fighter began the quest for the Orb.
     0 | D:1      | Reached XP level 1. HP: 11/11 MP: 2/2
   147 | D:1      | Reached skill level 2 in Maces & Flails
   161 | D:1      | HP: 1/11 [kobold/whip (3)]
   163 | D:1      | Slain by a kobold

Vault maps used:
D:1:      ldierk_walled_garden_2, serial_aquarium, aquarium_bridge_straight,
          aquarium_window_fake, aquarium_window_corner, aquarium_window_double,
          aquarium_view_2a, aquarium_view_2b, aquarium_pool_side,
          minmay_octomino_e4

Skill      XL: |  1 |
---------------+----+-----
Maces & Flails | 2 |  2.0
Fighting       | |  2.8
Armour         | |  2.4
Shields        | |  2.6

Action                   || total
-------------------------++-------
Melee: Flail             ||    15
       Bite              ||     5
Armor: Scale mail        ||     6
Dodge: Dodged            ||     5
Block: Shield            ||     6

Table legend:
 A = Spawn XP
 B = Non-spawn XP
 C = Spawn XP percentage of total XP
 D = Spawn monster count
 E = Non-spawn monster count
 F = Spawn count percentage of total count
 G = Total turns spent on level
                    A         B        C        D         E        F      G
               +---------+---------+-------+---------+---------+-------+---------
         Total |       0 |       6 |   0.0 |       0 |       3 |   0.0 |   163
               +---------+---------+-------+---------+---------+-------+---------
           D:1 |       0 |       6 |   0.0 |       0 |       3 |   0.0 |   163
               +---------+---------+-------+---------+---------+-------+---------

Vault maps used:
D:1:      ldierk_walled_garden_2, serial_aquarium, aquarium_bridge_straight,
          aquarium_window_fake, aquarium_window_corner, aquarium_window_double,
          aquarium_view_2a, aquarium_view_2b, aquarium_pool_side,
          minmay_octomino_e4

Table legend:
 A = Turns spent in this place as a percentage of turns spent in the entire game.
 B = Non-inter-level travel turns spent in this place as a percentage of non-inter-level travel turns spent in the entire game.
 C = Inter-level travel turns spent in this place as a percentage of turns spent in this place.
 D = Turns resting spent in this place as a percentage of non-inter-level travel turns spent in this place.
 E = Turns spent auto-exploring this place as a percentage of non-inter-level travel turns spent in this place.
 F = Non-inter-level travel turns spent in this place divided by the number of levels of this place that you've seen.
                   A       B       C       D       E      F
               +-------+-------+-------+-------+-------+----------------------
         Total | 100.0 | 100.0 |   0.0 |  70.6 |   8.6 | 163.0
       Dungeon | 100.0 | 100.0 |   0.0 |  70.6 |   8.6 | 163.0
               +-------+-------+-------+-------+-------+----------------------

Table legend:
 A = Kills in this place as a percentage of kills in entire the game.
 B = Kills by you in this place as a percentage of kills by you in the entire game.
 C = Kills by friends in this place as a percentage of kills by friends in the entire game.
 D = Other kills in this place as a percentage of other kills in the entire game.
 E = Experience gained in this place as a percentage of experience gained in the entire game.
 F = Experience gained in this place divided by the number of levels of this place that you have seen.
                   A       B       C       D       E      F
               +-------+-------+-------+-------+-------+----------------------
         Total | 100.0 | 100.0 |   N/A |   N/A | 100.0 |   6.0
       Dungeon | 100.0 | 100.0 |   N/A |   N/A | 100.0 |   6.0
               +-------+-------+-------+-------+-------+----------------------
